[Event "SixDays One Year GM-B 2023"]
[Site "Budapest"]
[Date "2023.09.18"]
[Round "1.1"]
[White "Xiao, Tong"]
[Black "Grover, Sahaj"]
[Result "1-0"]
[ECO "C70"]
[WhiteElo "2452"]
[BlackElo "2488"]
[Annotator "ChessBase"]
[PlyCount "153"]
[EventDate "2023.09.18"]
[EventType "tourn"]
[EventCountry "HUN"]
[SourceTitle "playchess.com"]
[Source "ChessBase"]
[SourceQuality "1"]
[TimeControl "5400+30"]

1. e4 e5 2. Nf3 Nc6 3. Bb5 a6 4. Ba4 Bc5 5. O-O d6 6. c3 Ba7 7. Re1 Nge7 8. h3 O-O 9. d4 Bd7 10. Bb3 Ng6 11. Bg5 Qe8 12. Be3 Na5 13. Bc2 c5 14. d5 Nc4 15. Bc1 b5 16. a4 Nb6 17. a5 Nc8 18. Nbd2 c4 19. Nf1 Nce7 20. Be3 Qc8 21. Ng3 Bxe3 22. fxe3 Qc5 23. Qd2 Rab8 24. Kh2 b4 25. Ba4 Bc8 26. Qe2 f5 27. exf5 Nxf5 28. Ne4 Qc7 29. Bc6 bxc3 30. bxc3 Nfe7 31. Qxc4 Bb7 32. Nfg5 Bxc6 33. Ne6 Qc8 34. Nxf8 Bxd5 35. Qxc8 Nxc8 36. Nxg6 Bxe4 37. Nh4 Rb2 38. Kg1 Ne7 39. Ra4 Bc6 40. Rb4 Ra2 41. Rb6 g5 42. Nf3 h5 43. e4 g4 44. hxg4 hxg4 45. Nh2 Rxa5 46. Nxg4 Kf7 47. Rf1+ Ke6 48. Rf6+ Kd7 49. Rf7 Bxe4 50. Nf6+ Ke6 51. Rxe7+ Kxf6 52. Rd7 Ra2 53. Rbxd6+ Kg5 54. Rd2 Ra1+ 55. Rd1 Ra3 56. Re1 Kf5 57. Rd2 Bc6 58. Re3 Kf4 59. Rh3 a5 60. Rd6 Bb7 61. Rb6 Bd5 62. Rb5 Be4 63. Rb2 Bc6 64. Rf2+ Ke4 65. g4 Rb3 66. Kh2 a4 67. c4 Kd4 68. g5 Rb1 69. Rh6 Kc5 70. Re2 e4 71. g6 e3 72. Kg3 Kd4 73. g7 Kd3 74. Rg2 e2 75. Rd6+ Kc3 76. Rxe2 Rg1+ 77. Kf2 1-0

[Event "SixDays One Year GM-B 2023"]
[Site "Budapest"]
[Date "2023.09.18"]
[Round "1.2"]
[White "Lee, Jun Hyeok"]
[Black "Yeganegi, Barad"]
[Result "1/2-1/2"]
[ECO "C50"]
[WhiteElo "2378"]
[BlackElo "2261"]
[Annotator "ChessBase"]
[PlyCount "115"]
[EventDate "2023.09.18"]
[EventType "tourn"]
[EventCountry "HUN"]
[SourceTitle "playchess.com"]
[Source "ChessBase"]
[SourceQuality "1"]
[TimeControl "5400+30"]

1. e4 e5 2. Nf3 Nc6 3. Bc4 Nf6 4. d3 Bc5 5. Nc3 O-O 6. O-O h6 7. h3 d6 8. Na4 Bb6 9. a3 Be6 10. Bxe6 fxe6 11. b4 Nd4 12. Nh2 Qe8 13. Nxb6 axb6 14. c3 Nc6 15. b5 Ne7 16. c4 Ng6 17. g3 Qf7 18. Ra2 Rad8 19. Qe2 Ne7 20. Bd2 Qh5 21. Qxh5 Nxh5 22. a4 Ra8 23. Rfa1 Ra7 24. Ng4 Kh7 25. Kg2 Ng8 26. a5 Rfa8 27. a6 bxa6 28. Rxa6 Rxa6 29. Rxa6 Rd8 30. Ra7 Rc8 31. f4 exf4 32. gxf4 Nhf6 33. Kf3 Nd7 34. d4 h5 35. Ne3 Ngf6 36. e5 dxe5 37. fxe5 Ne8 38. Bc3 Kg6 39. d5 exd5 40. cxd5 Nc5 41. Bd4 Nb3 42. Ke4 Kg5 43. Ra2 Nf6+ 44. exf6 Re8+ 45. Be5 gxf6 46. Rg2+ Kh6 47. Nf5+ Kh7 48. Rg7+ Kh8 49. Re7 Rxe7 50. Nxe7 fxe5 51. Kxe5 Kg7 52. Nf5+ Kf7 53. d6 cxd6+ 54. Nxd6+ Kg6 55. h4 Nd2 56. Nc8 Nc4+ 57. Kd4 Na3 58. Nxb6 1/2-1/2

[Event "SixDays One Year GM-B 2023"]
[Site "Budapest"]
[Date "2023.09.18"]
[Round "1.3"]
[White "Velikanov, Alexander"]
[Black "Varga, Zoltan"]
[Result "1-0"]
[ECO "B03"]
[WhiteElo "2327"]
[BlackElo "2363"]
[Annotator "ChessBase"]
[PlyCount "55"]
[EventDate "2023.09.18"]
[EventType "tourn"]
[EventCountry "HUN"]
[SourceTitle "playchess.com"]
[Source "ChessBase"]
[SourceQuality "1"]
[TimeControl "5400+30"]

1. e4 Nf6 2. e5 Nd5 3. d4 d6 4. c4 Nb6 5. f4 dxe5 6. fxe5 Nc6 7. Be3 Bf5 8. Nc3 e6 9. Nf3 Be7 10. Be2 O-O 11. O-O f6 12. exf6 Bxf6 13. Qd2 Qe7 14. Rad1 Rad8 15. Kh1 Kh8 16. h3 h6 17. Bg1 Rd7 18. c5 Nd5 19. Bb5 Nxc3 20. bxc3 Rdd8 21. Qe2 Na5 22. Ne5 Bh7 23. Bh2 c6 24. Bd3 Bxe5 25. Bxe5 Rxf1+ 26. Rxf1 b5 27. Bd6 Qd7 28. Qh5 1-0

[Event "SixDays One Year GM-B 2023"]
[Site "Budapest"]
[Date "2023.09.18"]
[Round "1.4"]
[White "Palczert, Matyas"]
[Black "Baum, Jonasz"]
[Result "1/2-1/2"]
[ECO "C58"]
[WhiteElo "2340"]
[BlackElo "2429"]
[Annotator "ChessBase"]
[PlyCount "78"]
[EventDate "2023.09.18"]
[EventType "tourn"]
[EventCountry "HUN"]
[SourceTitle "playchess.com"]
[Source "ChessBase"]
[SourceQuality "1"]
[TimeControl "5400+30"]

1. e4 e5 2. Nf3 Nc6 3. Bc4 Nf6 4. Ng5 d5 5. exd5 Na5 6. Bb5+ Bd7 7. Qe2 Bd6 8. Bxd7+ Qxd7 9. Nc3 c6 10. Nge4 Nxd5 11. Nxd6+ Qxd6 12. d4 Nxc3 13. bxc3 O-O 14. dxe5 Qd5 15. O-O Rfe8 16. Bf4 Nc4 17. Rfe1 Qe6 18. Bg3 Rad8 19. Rad1 b5 20. f4 Nb2 21. Rxd8 Rxd8 22. Bh4 Re8 23. Qe4 f5 24. Qd4 a5 25. h3 h6 26. Kh2 a4 27. a3 Nc4 28. Qc5 Qd7 29. e6 Rxe6 30. Qxf5 Re7 31. Qc5 Rxe1 32. Bxe1 Qe6 33. Bf2 Qe4 34. f5 Qxc2 35. f6 gxf6 36. Qxc6 Qxf2 37. Qe8+ Kg7 38. Qd7+ Kg6 39. Qg4+ Kf7 1/2-1/2

[Event "SixDays One Year GM-B 2023"]
[Site "Budapest"]
[Date "2023.09.18"]
[Round "1.5"]
[White "Siddharth, Jagadeesh"]
[Black "Fodor, Tamas Jr."]
[Result "1/2-1/2"]
[ECO "C48"]
[WhiteElo "2391"]
[BlackElo "2486"]
[Annotator "ChessBase"]
[PlyCount "142"]
[EventDate "2023.09.18"]
[EventType "tourn"]
[EventCountry "HUN"]
[SourceTitle "playchess.com"]
[Source "ChessBase"]
[SourceQuality "1"]
[TimeControl "5400+30"]

1. e4 e5 2. Nf3 Nc6 3. Nc3 Nf6 4. Bb5 d6 5. d4 exd4 6. Nxd4 Bd7 7. Bxc6 bxc6 8. Qf3 c5 9. Nf5 Bxf5 10. exf5 Rb8 11. b3 Be7 12. Bb2 d5 13. O-O O-O 14. Rad1 c6 15. Na4 c4 16. Be5 Bd6 17. Bd4 cxb3 18. cxb3 Rb7 19. Rc1 Rc7 20. Rfe1 h6 21. Nc5 Bxc5 22. Bxc5 Re8 23. Rxe8+ Qxe8 24. Qg3 Rc8 25. Bxa7 Qe4 26. Be3 Kh7 27. Qf4 Qd3 28. h3 Ne4 29. Qe5 c5 30. f6 Nxf6 31. Bxc5 Kg8 32. Qe3 Qa6 33. Bd4 Re8 34. Qg3 Re4 35. Qb8+ Kh7 36. Qb6 Qxa2 37. Bxf6 Re6 38. Rc6 Rxf6 39. Rxf6 Qa1+ 40. Kh2 gxf6 41. Qc7 Kg7 42. Qg3+ Kh8 43. Qd6 Qd4 44. b4 Qb2 45. Qf8+ Kh7 46. Qxf7+ Kh8 47. Qe8+ Kg7 48. Qd7+ Kf8 49. Qd8+ Kg7 50. Qe7+ Kg6 51. Qe8+ Kg7 52. b5 d4 53. Qe7+ Kg6 54. Qe8+ Kg7 55. f4 Qb4 56. Qd7+ Kg6 57. Qd5 h5 58. h4 Kh6 59. Qe6 Kg7 60. b6 d3 61. Qd7+ Kh6 62. Qxd3 Qxb6 63. Qg3 Qe6 64. Qf3 Qe1 65. Qg3 Qe4 66. Qf2 Kg6 67. Kg3 Kf5 68. Qd2 Kg6 69. Kf2 Kf5 70. g3 Kg4 71. Qd1+ Kh3 1/2-1/2

[Event "SixDays One Year GM-B 2023"]
[Site "Budapest"]
[Date "2023.09.19"]
[Round "2.1"]
[White "Grover, Sahaj"]
[Black "Fodor, Tamas Jr."]
[Result "1/2-1/2"]
[ECO "C15"]
[WhiteElo "2488"]
[BlackElo "2486"]
[Annotator "ChessBase"]
[PlyCount "78"]
[EventDate "2023.09.18"]
[EventType "tourn"]
[EventCountry "HUN"]
[SourceTitle "playchess.com"]
[Source "ChessBase"]
[SourceQuality "1"]
[TimeControl "5400+30"]

1. e4 e6 2. d4 d5 3. Nc3 Bb4 4. exd5 exd5 5. Bd3 Nc6 6. Nf3 Nge7 7. O-O Bg4 8. h3 Bh5 9. a3 Bd6 10. Re1 Kf8 11. g4 Bg6 12. Bxg6 hxg6 13. Ng5 Kg8 14. Qf3 f6 15. Ne6 Qd7 16. Kg2 g5 17. Nxd5 Ng6 18. Qb3 Kh7 19. Qd3 Rae8 20. Qf5 Rxe6 21. Qxe6 Qxe6 22. Rxe6 Nxd4 23. Re4 Nxc2 24. Ra2 c6 25. Nc3 Be5 26. b4 Nd4 27. Ne2 Ne6 28. Bb2 Ngf4+ 29. Nxf4 Nxf4+ 30. Kf1 Bd6 31. Bc1 Nd5 32. Rd2 Bf4 33. Rc2 Bxc1 34. Rxc1 Kg6 35. f3 Rxh3 36. Kg2 Rh8 37. Rh1 Nf4+ 38. Kg1 Rd8 39. Re7 Rd1+ 1/2-1/2

[Event "SixDays One Year GM-B 2023"]
[Site "Budapest"]
[Date "2023.09.19"]
[Round "2.2"]
[White "Baum, Jonasz"]
[Black "Siddharth, Jagadeesh"]
[Result "0-1"]
[ECO "E94"]
[WhiteElo "2429"]
[BlackElo "2391"]
[Annotator "ChessBase"]
[PlyCount "120"]
[EventDate "2023.09.18"]
[EventType "tourn"]
[EventCountry "HUN"]
[SourceTitle "playchess.com"]
[Source "ChessBase"]
[SourceQuality "1"]
[TimeControl "5400+30"]

1. d4 Nf6 2. c4 d6 3. Nf3 Nbd7 4. Nc3 e5 5. e4 g6 6. Be2 Bg7 7. O-O O-O 8. Be3 Qe7 9. Qc2 c6 10. d5 c5 11. Bg5 h6 12. Bd2 Nh7 13. Rae1 Kh8 14. g3 Ndf6 15. Kg2 Ng8 16. Bd3 h5 17. Qc1 a6 18. a3 Bd7 19. b4 b6 20. h4 Rfc8 21. bxc5 bxc5 22. Ng1 Rab8 23. Bc2 Rb7 24. Nd1 Rcb8 25. Bc3 Bh6 26. Qa1 Ngf6 27. f4 Ng4 28. Nf2 f6 29. Nd3 Kg8 30. Nh3 Qe8 31. a4 Bg7 32. Nhf2 Nf8 33. Nxg4 Bxg4 34. f5 gxf5 35. exf5 Bh6 36. Nf2 Rg7 37. Ne4 Qe7 38. Ba5 Kh8 39. Qc3 Nh7 40. Rf2 Qd7 41. Ref1 Rbg8 42. Kh2 Rb8 43. Qa3 Rb7 44. Rb1 Rxb1 45. Bxb1 Bd1 46. Nc3 Bg4 47. Ne4 Bd1 48. Qd3 Bxa4 49. Ra2 Rg4 50. Nxd6 Qxd6 51. Rxa4 e4 52. Qb3 e3 53. Be1 Bf4 54. Kh3 Bxg3 55. Qxe3 Rxh4+ 56. Kg2 Bxe1 57. Qe8+ Nf8 58. Qxe1 Qh2+ 59. Kf3 Rh3+ 60. Ke4 Qe5# 0-1

[Event "SixDays One Year GM-B 2023"]
[Site "Budapest"]
[Date "2023.09.19"]
[Round "2.3"]
[White "Varga, Zoltan"]
[Black "Palczert, Matyas"]
[Result "1-0"]
[ECO "B50"]
[WhiteElo "2363"]
[BlackElo "2340"]
[Annotator "ChessBase"]
[PlyCount "113"]
[EventDate "2023.09.18"]
[EventType "tourn"]
[EventCountry "HUN"]
[SourceTitle "playchess.com"]
[Source "ChessBase"]
[SourceQuality "1"]
[TimeControl "5400+30"]

1. e4 c5 2. Nf3 d6 3. c3 Nf6 4. Bd3 Nc6 5. O-O Bg4 6. h3 Bh5 7. Re1 e6 8. Bf1 Be7 9. d3 O-O 10. Nbd2 d5 11. g4 Bg6 12. Nh4 Qc7 13. Nxg6 fxg6 14. Nf3 dxe4 15. dxe4 Nd7 16. Bc4 Kh8 17. Bxe6 Nde5 18. Nh2 Rad8 19. Bd5 c4 20. f4 Nd3 21. Rf1 Nxf4 22. Bxf4 Rxf4 23. Rxf4 Qxf4 24. Qf3 Qc7 25. Qe2 Ne5 26. Rf1 Nd3 27. Kh1 Nf4 28. Qe3 Bd6 29. Nf3 Bc5 30. Qd2 Nxd5 31. exd5 Qf7 32. Kg2 Qxd5 33. Rd1 Qxd2+ 34. Rxd2 Re8 35. Ne5 Kg8 36. Nxc4 b5 37. Na5 a6 38. Nb3 Be7 39. Re2 Kf7 40. Nd4 Rc8 41. Nf3 b4 42. Ne5+ Kg8 43. Nd3 Bf8 44. cxb4 h5 45. a3 h4 46. Ne5 Re8 47. Kf1 Re6 48. Nf3 Rd6 49. Nxh4 Rd3 50. Kg2 Bd6 51. Nf3 Rb3 52. Ng5 Kf8 53. Ne4 Be7 54. Nc5 Bxc5 55. bxc5 Rb5 56. b4 a5 57. Re4 1-0

[Event "SixDays One Year GM-B 2023"]
[Site "Budapest"]
[Date "2023.09.19"]
[Round "2.4"]
[White "Yeganegi, Barad"]
[Black "Velikanov, Alexander"]
[Result "1/2-1/2"]
[ECO "A58"]
[WhiteElo "2261"]
[BlackElo "2327"]
[Annotator "ChessBase"]
[PlyCount "72"]
[EventDate "2023.09.18"]
[EventType "tourn"]
[EventCountry "HUN"]
[SourceTitle "playchess.com"]
[Source "ChessBase"]
[SourceQuality "1"]
[TimeControl "5400+30"]

1. d4 Nf6 2. c4 c5 3. d5 b5 4. cxb5 a6 5. bxa6 e6 6. Nc3 exd5 7. Nxd5 Be7 8. e3 Nxd5 9. Qxd5 Ra7 10. Nf3 O-O 11. Be2 Nxa6 12. O-O Bb7 13. Qd1 Qa8 14. Bd2 Nc7 15. a4 Rb8 16. b3 Be4 17. Rc1 Rb6 18. Ne1 Qb7 19. Bf3 Bxf3 20. Qxf3 Rxb3 21. Qxb7 Rbxb7 22. a5 f6 23. Nd3 d6 24. Rb1 Kf7 25. g3 Ke8 26. e4 Kd7 27. Nb2 Kc6 28. Nc4 Rxb1 29. Rxb1 Nb5 30. g4 Bd8 31. f3 d5 32. exd5+ Kxd5 33. Rxb5 Kxc4 34. Rxc5+ Kxc5 35. Be3+ Kd5 36. Bxa7 Bxa5 1/2-1/2

[Event "SixDays One Year GM-B 2023"]
[Site "Budapest"]
[Date "2023.09.19"]
[Round "2.5"]
[White "Xiao, Tong"]
[Black "Lee, Jun Hyeok"]
[Result "1/2-1/2"]
[ECO "B52"]
[WhiteElo "2452"]
[BlackElo "2378"]
[Annotator "ChessBase"]
[PlyCount "96"]
[EventDate "2023.09.18"]
[EventType "tourn"]
[EventCountry "HUN"]
[SourceTitle "playchess.com"]
[Source "ChessBase"]
[SourceQuality "1"]
[TimeControl "5400+30"]

1. e4 c5 2. Nf3 d6 3. Bb5+ Bd7 4. Bxd7+ Qxd7 5. O-O Nf6 6. Re1 Nc6 7. c3 e6 8. d4 cxd4 9. cxd4 d5 10. e5 Ne4 11. a3 Be7 12. Nbd2 Nxd2 13. Bxd2 O-O 14. Rc1 Rfc8 15. Rc3 Bf8 16. Rd3 Ne7 17. h4 Rc4 18. h5 h6 19. g4 a5 20. Nh4 Nc6 21. Be3 a4 22. f4 Qd8 23. Nf3 Qb6 24. Qb1 Na5 25. Rd2 Rc7 26. Rde2 Rac8 27. g5 Qb3 28. gxh6 gxh6 29. Rg2+ Kh8 30. Ree2 Nc4 31. Qe1 Nxe3 32. Rxe3 Rc1 33. Rxb3 axb3 34. Rd2 Rxe1+ 35. Nxe1 Be7 36. Kf2 Rc1 37. Ke2 Bd8 38. Rd1 Rc4 39. Rd3 Ba5 40. Rxb3 Rxd4 41. Nd3 Re4+ 42. Kd1 Rd4 43. Ke2 Re4+ 44. Kd1 Rd4 45. Kc2 Rc4+ 46. Kb1 Rd4 47. Kc2 Rc4+ 48. Kb1 Rd4 1/2-1/2

[Event "SixDays One Year GM-B 2023"]
[Site "Budapest"]
[Date "2023.09.19"]
[Round "3.1"]
[White "Lee, Jun Hyeok"]
[Black "Grover, Sahaj"]
[Result "0-1"]
[ECO "C79"]
[WhiteElo "2378"]
[BlackElo "2488"]
[Annotator "ChessBase"]
[PlyCount "115"]
[EventDate "2023.09.18"]
[EventType "tourn"]
[EventCountry "HUN"]
[SourceTitle "playchess.com"]
[Source "ChessBase"]
[SourceQuality "1"]
[TimeControl "5400+30"]

1. e4 e5 2. Nf3 Nc6 3. Bb5 a6 4. Ba4 Nf6 5. O-O d6 6. Re1 Bd7 7. c3 g6 8. d4 Bg7 9. h3 O-O 10. Bc2 a5 11. Nbd2 a4 12. a3 b5 13. Nf1 Re8 14. Bg5 h6 15. Bxf6 Qxf6 16. Ne3 exd4 17. Nd5 Qd8 18. cxd4 Na5 19. Qe2 c6 20. Ne3 c5 21. Rad1 Qc8 22. Bb1 Qb7 23. Ba2 Nb3 24. Bxb3 axb3 25. Nf1 c4 26. Ng3 d5 27. Ne5 Be6 28. f4 dxe4 29. Nxe4 Rad8 30. Qf2 Bf5 31. Nc3 Qb6 32. d5 Qb7 33. Qc5 Bc2 34. Rd2 f6 35. Nf3 Bd3 36. Rxe8+ Rxe8 37. Nd4 Rc8 38. Nc6 Bf8 39. Qe3 Qd7 40. Rxd3 cxd3 41. Qxd3 Kh7 42. Qxb5 Re8 43. Nd4 Qxb5 44. Ndxb5 Re1+ 45. Kf2 Rc1 46. Ke3 Rc2 47. g4 Rxb2 48. d6 Rc2 49. Kd3 Rc1 50. d7 Be7 51. a4 b2 52. Na3 Bd8 53. Nab1 Ba5 54. Kc4 Bxc3 55. Nxc3 b1=Q 56. d8=Q Qa2+ 57. Kd3 Qc2+ 58. Kd4 0-1

[Event "SixDays One Year GM-B 2023"]
[Site "Budapest"]
[Date "2023.09.19"]
[Round "3.2"]
[White "Velikanov, Alexander"]
[Black "Xiao, Tong"]
[Result "1/2-1/2"]
[ECO "B22"]
[WhiteElo "2327"]
[BlackElo "2452"]
[Annotator "ChessBase"]
[PlyCount "29"]
[EventDate "2023.09.18"]
[EventType "tourn"]
[EventCountry "HUN"]
[SourceTitle "playchess.com"]
[Source "ChessBase"]
[SourceQuality "1"]
[TimeControl "5400+30"]

1. e4 c5 2. c3 Nf6 3. e5 Nd5 4. Nf3 Nc6 5. Bc4 Nb6 6. Bb3 d5 7. exd6 Qxd6 8. O-O Bf5 9. d4 cxd4 10. Nxd4 Nxd4 11. cxd4 e6 12. Nc3 Be7 13. Qf3 Qd7 14. Rd1 O-O 15. h3 1/2-1/2

[Event "SixDays One Year GM-B 2023"]
[Site "Budapest"]
[Date "2023.09.19"]
[Round "3.3"]
[White "Palczert, Matyas"]
[Black "Yeganegi, Barad"]
[Result "1-0"]
[ECO "C58"]
[WhiteElo "2340"]
[BlackElo "2261"]
[Annotator "ChessBase"]
[PlyCount "97"]
[EventDate "2023.09.18"]
[EventType "tourn"]
[EventCountry "HUN"]
[SourceTitle "playchess.com"]
[Source "ChessBase"]
[SourceQuality "1"]
[TimeControl "5400+30"]

1. e4 e5 2. Nf3 Nc6 3. Bc4 Nf6 4. Ng5 d5 5. exd5 Na5 6. Bb5+ c6 7. dxc6 bxc6 8. Bd3 Ng4 9. Ne4 f5 10. Be2 h5 11. h3 fxe4 12. hxg4 Bc5 13. Nc3 Qd4 14. O-O O-O 15. Qe1 hxg4 16. d3 exd3 17. Bxd3 Rxf2 18. Qxf2 Qxf2+ 19. Rxf2 g3 20. Ne4 gxf2+ 21. Kf1 Bb6 22. b4 Nb7 23. a4 Bf5 24. a5 Bd4 25. Ra3 Bxe4 26. Bxe4 Nd6 27. Bxc6 Rc8 28. b5 e4 29. Rh3 Kf7 30. c3 Bc5 31. Rh5 g5 32. Rxg5 Rh8 33. Rxc5 Rh1+ 34. Kxf2 Rxc1 35. a6 Ke6 36. g4 Ra1 37. g5 Rb1 38. Bd5+ Kd7 39. g6 e3+ 40. Kxe3 Rg1 41. Bf7 Re1+ 42. Kd2 Rg1 43. Rd5 Ke7 44. Rxd6 Kxd6 45. b6 Rg2+ 46. Ke3 Rg3+ 47. Kf2 Rxc3 48. g7 Rc8 49. g8=Q 1-0

[Event "SixDays One Year GM-B 2023"]
[Site "Budapest"]
[Date "2023.09.19"]
[Round "3.4"]
[White "Siddharth, Jagadeesh"]
[Black "Varga, Zoltan"]
[Result "1-0"]
[ECO "B01"]
[WhiteElo "2391"]
[BlackElo "2363"]
[Annotator "ChessBase"]
[PlyCount "47"]
[EventDate "2023.09.18"]
[EventType "tourn"]
[EventCountry "HUN"]
[SourceTitle "playchess.com"]
[Source "ChessBase"]
[SourceQuality "1"]
[TimeControl "5400+30"]

1. e4 d5 2. exd5 Qxd5 3. Nc3 Qd6 4. d4 Nf6 5. Nf3 Bg4 6. h3 Bh5 7. g4 Bg6 8. Ne5 Nbd7 9. Nxg6 hxg6 10. Bg2 c6 11. g5 Nd5 12. O-O Nf4 13. Ne4 Qc7 14. Bxf4 Qxf4 15. d5 c5 16. c4 f5 17. gxf6 exf6 18. Re1 O-O-O 19. d6 f5 20. Qd5 Qe5 21. Qxe5 Nxe5 22. Nxc5 Nc6 23. d7+ Kb8 24. Nxb7 1-0

[Event "SixDays One Year GM-B 2023"]
[Site "Budapest"]
[Date "2023.09.19"]
[Round "3.5"]
[White "Fodor, Tamas Jr."]
[Black "Baum, Jonasz"]
[Result "1/2-1/2"]
[ECO "E46"]
[WhiteElo "2486"]
[BlackElo "2429"]
[Annotator "ChessBase"]
[PlyCount "72"]
[EventDate "2023.09.18"]
[EventType "tourn"]
[EventCountry "HUN"]
[SourceTitle "playchess.com"]
[Source "ChessBase"]
[SourceQuality "1"]
[TimeControl "5400+30"]

1. d4 Nf6 2. c4 e6 3. Nc3 Bb4 4. e3 O-O 5. Bd2 d5 6. Nf3 b6 7. cxd5 exd5 8. Rc1 c5 9. a3 Bxc3 10. Bxc3 c4 11. Be2 b5 12. O-O Bg4 13. h3 Bxf3 14. Bxf3 Nc6 15. b3 Rb8 16. bxc4 bxc4 17. Qa4 Qd7 18. Kh1 Rb6 19. Rfd1 Qf5 20. Be1 Rfb8 21. Kg1 h5 22. Be2 Qe6 23. Bf1 R8b7 24. Kh1 Rb8 25. Kg1 g6 26. Bc3 Rb3 27. Be1 Qd6 28. Ra1 R8b6 29. Rdc1 Ne4 30. f3 Ng3 31. Rc3 Nxf1 32. Kxf1 Qh2 33. Rxb3 Rxb3 34. Rd1 Qd6 35. e4 Rxa3 36. Qb5 Qf6 1/2-1/2

[Event "SixDays One Year GM-B 2023"]
[Site "Budapest"]
[Date "2023.09.20"]
[Round "4.1"]
[White "Grover, Sahaj"]
[Black "Baum, Jonasz"]
[Result "1-0"]
[ECO "B87"]
[WhiteElo "2488"]
[BlackElo "2429"]
[Annotator "ChessBase"]
[PlyCount "139"]
[EventDate "2023.09.18"]
[EventType "tourn"]
[EventCountry "HUN"]
[SourceTitle "playchess.com"]
[Source "ChessBase"]
[SourceQuality "1"]
[TimeControl "5400+30"]

1. e4 c5 2. Nf3 d6 3. d4 cxd4 4. Nxd4 Nf6 5. Nc3 a6 6. Bc4 e6 7. Bb3 b5 8. Be3 Be7 9. a3 Qc7 10. Qe2 Nc6 11. O-O-O Na5 12. Kb1 Rb8 13. g4 Nc4 14. Bxc4 bxc4 15. Ka1 Bb7 16. f3 g6 17. Qd2 h5 18. h3 Ba8 19. Nde2 Qa5 20. Bf4 Rb6 21. Rhg1 Nd7 22. Be3 Rb8 23. Ba7 Rb7 24. Bd4 Ne5 25. Qe3 hxg4 26. hxg4 g5 27. Rh1 Rg8 28. Nb1 Nc6 29. Bc3 Qb6 30. Qxb6 Rxb6 31. Nd2 d5 32. exd5 exd5 33. Rh6 Bd8 34. Rd6 Be7 35. Rxd5 Nb4 36. Ra5 Nxc2+ 37. Ka2 Ne3 38. Re1 Nd5 39. Nd4 Nxc3+ 40. bxc3 Kd8 41. Nxc4 Rf6 42. Rae5 Bd6 43. Nxd6 Rxd6 44. Kb3 Kc7 45. Rf5 Bd5+ 46. c4 Be6 47. Nxe6+ fxe6 48. Rf7+ Rd7 49. Rf6 Rd3+ 50. Kb4 Rb8+ 51. Kc5 Kd7 52. Rf7+ Ke8 53. Rc7 Rxa3 54. Rxe6+ Kf8 55. Rf6+ Kg8 56. Ra7 Rc8+ 57. Kb4 Ra1 58. Raxa6 Rb1+ 59. Kc3 Rc1+ 60. Kd3 R8xc4 61. Rg6+ Kh7 62. Rxg5 R4c3+ 63. Ke4 Re1+ 64. Kf4 Rf1 65. Rh5+ Kg7 66. Rh3 Rb3 67. Re6 Kf7 68. Re3 Rb5 69. Rh7+ Kg6 70. Rhe7 1-0

[Event "SixDays One Year GM-B 2023"]
[Site "Budapest"]
[Date "2023.09.20"]
[Round "4.2"]
[White "Varga, Zoltan"]
[Black "Fodor, Tamas Jr."]
[Result "1/2-1/2"]
[ECO "D45"]
[WhiteElo "2363"]
[BlackElo "2486"]
[Annotator "ChessBase"]
[PlyCount "30"]
[EventDate "2023.09.18"]
[EventType "tourn"]
[EventCountry "HUN"]
[SourceTitle "playchess.com"]
[Source "ChessBase"]
[SourceQuality "1"]
[TimeControl "5400+30"]

1. Nf3 Nf6 2. d4 d5 3. c4 c6 4. Nc3 e6 5. e3 Nbd7 6. Qc2 Bd6 7. Be2 O-O 8. O-O dxc4 9. Bxc4 b5 10. Bd3 Bb7 11. a4 a6 12. Rd1 Qe7 13. Qe2 b4 14. Ne4 Nxe4 15. Bxe4 Nf6 1/2-1/2

[Event "SixDays One Year GM-B 2023"]
[Site "Budapest"]
[Date "2023.09.20"]
[Round "4.3"]
[White "Yeganegi, Barad"]
[Black "Siddharth, Jagadeesh"]
[Result "0-1"]
[ECO "A53"]
[WhiteElo "2261"]
[BlackElo "2391"]
[Annotator "ChessBase"]
[PlyCount "109"]
[EventDate "2023.09.18"]
[EventType "tourn"]
[EventCountry "HUN"]
[SourceTitle "playchess.com"]
[Source "ChessBase"]
[SourceQuality "1"]
[TimeControl "5400+30"]

1. d4 Nf6 2. c4 d6 3. Nc3 Nbd7 4. e4 e5 5. Nf3 g6 6. Be2 Bg7 7. dxe5 dxe5 8. O-O O-O 9. Qc2 c6 10. b4 a5 11. b5 Re8 12. bxc6 bxc6 13. Ba3 Bf8 14. Bc1 Nc5 15. Be3 Bg4 16. Bxc5 Bxc5 17. Na4 Bxf3 18. Bxf3 Qe7 19. Rfd1 h5 20. h4 Bd4 21. Rab1 Nh7 22. g3 Nf8 23. c5 Rab8 24. Rb6 Qf6 25. Kg2 Nd7 26. Rb3 Rxb3 27. axb3 Rb8 28. Rd3 Kg7 29. Bd1 Qe7 30. Be2 Nf6 31. Bf3 Rb5 32. Kh2 Nd7 33. Be2 Rb4 34. Kg2 Nf6 35. Bf3 Qe6 36. Nb6 Rb5 37. Na4 Ng4 38. Bxg4 hxg4 39. Qd1 Rb7 40. Qc2 f5 41. exf5 Qxf5 42. Qe2 Bxf2 43. Nb6 e4 44. Qb2+ Kh7 45. Nd7 exd3 46. Nf6+ Kh8 47. Nxg4+ Rg7 48. Nxf2 Qd5+ 49. Kf1 d2 50. Ke2 Kh7 51. Qxd2 Re7+ 52. Kd1 Qxb3+ 53. Kc1 Qc4+ 54. Kd1 Qf1+ 55. Qe1 0-1

[Event "SixDays One Year GM-B 2023"]
[Site "Budapest"]
[Date "2023.09.20"]
[Round "4.4"]
[White "Xiao, Tong"]
[Black "Palczert, Matyas"]
[Result "1-0"]
[ECO "B90"]
[WhiteElo "2452"]
[BlackElo "2340"]
[Annotator "ChessBase"]
[PlyCount "77"]
[EventDate "2023.09.18"]
[EventType "tourn"]
[EventCountry "HUN"]
[SourceTitle "playchess.com"]
[Source "ChessBase"]
[SourceQuality "1"]
[TimeControl "5400+30"]

1. e4 c5 2. Nf3 d6 3. d4 cxd4 4. Nxd4 Nf6 5. Nc3 a6 6. Rg1 e5 7. Nb3 h5 8. Bg5 Be6 9. Qd2 Nbd7 10. f4 Rc8 11. O-O-O Be7 12. Bd3 b5 13. Kb1 Qc7 14. h3 exf4 15. Bxf4 Ne5 16. Nd4 Nxd3 17. cxd3 Qa5 18. Nxe6 fxe6 19. g4 hxg4 20. hxg4 b4 21. Ne2 e5 22. Bg5 Kd7 23. Ng3 Qb5 24. Bxf6 Bxf6 25. g5 Be7 26. Nf5 b3 27. axb3 Qxb3 28. d4 exd4 29. Nxe7 Kxe7 30. Qxd4 Ke8 31. Rg2 Qe6 32. Rgd2 Rc4 33. Qxd6 Qxd6 34. Rxd6 Rh2 35. g6 Rxe4 36. Rxa6 Ke7 37. Rf1 Rd4 38. Rf7+ Ke8 39. Rxg7 1-0

[Event "SixDays One Year GM-B 2023"]
[Site "Budapest"]
[Date "2023.09.20"]
[Round "4.5"]
[White "Lee, Jun Hyeok"]
[Black "Velikanov, Alexander"]
[Result "0-1"]
[ECO "A47"]
[WhiteElo "2378"]
[BlackElo "2327"]
[Annotator "ChessBase"]
[PlyCount "82"]
[EventDate "2023.09.18"]
[EventType "tourn"]
[EventCountry "HUN"]
[SourceTitle "playchess.com"]
[Source "ChessBase"]
[SourceQuality "1"]
[TimeControl "5400+30"]

1. d4 Nf6 2. Nf3 b6 3. e3 Bb7 4. Bd3 g6 5. O-O Bg7 6. c4 O-O 7. Nc3 d5 8. cxd5 Nxd5 9. Nxd5 Qxd5 10. Qe2 Qd8 11. Rd1 Nd7 12. e4 e5 13. Bg5 Qe8 14. d5 Nc5 15. Be3 Nxd3 16. Qxd3 c6 17. d6 Qd7 18. b4 Kh8 19. Qc4 f5 20. exf5 gxf5 21. Bg5 c5 22. Be7 Bxf3 23. Bxf8 Rxf8 24. gxf3 e4 25. Rac1 Bd4 26. Rxd4 Qg7+ 27. Kh1 cxd4 28. Qe6 d3 29. Rg1 d2 30. Qb3 Qd4 31. d7 f4 32. fxe4 Qxe4+ 33. f3 Qd4 34. h3 Rd8 35. Rd1 Rxd7 36. Qe6 Rg7 37. Qe4 Qxe4 38. fxe4 Rd7 39. Kg2 Rd3 40. h4 Kg7 41. Kf2 f3 0-1